 Dungeon Crawl Stone Soup version 0.21.1-1-g345015f (webtiles) character file.

69 Mirai the Conjurer (level 4, -2/33 HPs)
             Began as a Draconian Conjurer on Mar 13, 2018.
             Slain by an adder (3 damage)
             ... on level 2 of the Dungeon.
             The game lasted 00:03:35 (1452 turns).

Mirai the Conjurer (Draconian Conjurer)             Turns: 1452, Time: 00:03:36

Health: -2/33      AC:  5    Str: 10    XL:     4   Next: 2%
Magic:  1/7        EV: 12    Int: 22    God:
Gold:   76         SH:  0    Dex: 11    Spells: 6/7 levels left

rFire    . . .     SeeInvis .   c - +0 short sword
rCold    . . .     Gourm    .   (no shield)
rNeg     . . .     Faith    .   (armour unavailable)
rPois    .         Spirit   .   (helmet restricted)
rElec    .         Reflect  .   (no cloak)
rCorr    .         Harm     .   (no gloves)
MR       .....                  (no boots)
Stlth    ++........             (no amulet)
HPRegen  0.11/turn              (no ring)
MPRegen  0.10/turn              (no ring)

@: brilliant, hasted, very quick
A: unfitting armour, cold-blooded, AC +5
a: no special abilities


You were on level 2 of the Dungeon.
You were not hungry.

You visited 1 branch of the dungeon, and saw 2 of its levels.

You collected 76 gold pieces.

Inventory:

Hand Weapons
 c - a +0 short sword (weapon)
Jewellery
 j - an uncursed ring of fire {unknown}
Scrolls
 d - 3 scrolls of identify {unknown}
 e - a scroll of teleportation {unknown}
 f - a scroll of magic mapping {unknown}
 g - a scroll of enchant weapon {unknown}
Books
 a - a book of Conjurations

   Spells                             Type                      Level
   a - Magic Dart                     Conjuration                  1
   b - Searing Ray                    Conjuration                  2
   c - Dazzling Spray                 Conjuration/Hexes            3
   d - Fulminant Prism                Conjuration/Hexes            4
   e - Force Lance                    Conjuration/Translocation    4
   f - Iskenderun's Mystic Blast      Conjuration                  4
Comestibles
 b - 5 rations


   Skills:
 + Level 2.2 Dodging
 + Level 2.1 Stealth
 * Level 2.4 Spellcasting
 + Level 4.9 Conjurations


You had 6 spell levels left.
You knew the following spells:

 Your Spells              Type           Power        Failure   Level  Hunger
a - Magic Dart            Conj           ####         1%          1    None


Dungeon Overview and Level Annotations

Branches:
Dungeon (2/15)

Altars:
Dithmenos
Gozag
Ru

Annotations:
D:2 Terence


Innate Abilities, Weirdness & Mutations

Your plain brown scales are hard. (AC +5)
You cannot fit into any form of body armour.
You are cold-blooded and may be slowed by cold attacks.


Message History

Found a metallic dark potion.
An adder comes into view.
The adder hisses angrily. x2
There is an open door here.
A quokka comes into view.
There isn't anything here!
You close the door.
The adder closely misses you.
You hit the adder.
The adder is severely wounded.
The adder barely misses you.
You barely miss the adder.
The adder is severely wounded.
The adder bites you.
* * * LOW HITPOINT WARNING * * *
You hit the adder.
You kill the adder!
You have reached level 4!
You feel clever.
Terence opens the door.
The adder bites you.
You die...

#.## #.........# #.#.
#.........# #.#.
#.........#########.#
#.........##........#.
#.......r.##.....w..##
#..!......##........+.
#.....S...##........##
#....@....##........#
#####'######........##
#.@.@.....$.......
##################


You could see Terence, an adder and a quokka.

Vanquished Creatures
  Robin (D:2)
  2 adders (D:2)
  A dart slug (D:1)
  A ball python (D:1)
  2 bats (D:1)
  2 giant cockroaches
  11 goblins
  4 hobgoblins
  3 jackals (D:1)
  4 kobolds
  3 frilled lizards
  2 rats
36 creatures vanquished.

Vanquished Creatures (others)
  5 toadstools (D:1)
5 creatures vanquished.

Grand Total: 41 creatures vanquished

Notes
Turn   | Place    | Note
-------+----------+-------------------------------------------
     0 | D:1      | Mirai the Draconian Conjurer began the quest for the Orb.
     0 | D:1      | Reached XP level 1. HP: 14/14 MP: 3/3
   285 | D:1      | Reached XP level 2. HP: 19/20 MP: 5/5
   900 | D:2      | Reached XP level 3. HP: 24/26 MP: 6/6
   902 | D:2      | Noticed Robin
   916 | D:2      | Killed Robin
   990 | D:2      | Found an opulent altar of Gozag.
  1152 | D:2      | Found a sacrificial altar of Ru.
  1209 | D:2      | Found a shadowy altar of Dithmenos.
  1364 | D:2      | Noticed Terence
  1423 | D:2      | HP: 1/26 [Terence/short sword (3)]
  1451 | D:2      | HP: 1/26 [adder (2)]
  1452 | D:2      | Reached XP level 4. HP: 1/33 MP: 1/7
  1452 | D:2      | Slain by an adder

Skill      XL: |  1  2  3 |
---------------+----------+-----
Dodging        | 2 |  2.2
Stealth        | 2 |  2.1
Spellcasting   | |  2.4
Conjurations   | |  4.9

Action                   |  1- 3 |  4- 6 || total
-------------------------+-------+-------++-------
Melee: Short sword       |   166 |       ||   166
       Tailslap          |    19 |       ||    19
 Cast: Magic Dart        |    17 |       ||    17
  Use: Potion            |     2 |       ||     2
 Stab: Sleeping          |     2 |       ||     2
  Eat: Chunk             |     2 |       ||     2
Armor: Skin              |    42 |       ||    42
Dodge: Dodged            |   116 |       ||   116
